 Dungeon Crawl Stone Soup version 0.28-a0-265-g048bc9fd10 (webtiles) character file.

Game seed: 11852048848789840116

100 aSlayers the Ducker (level 4, -5/21 HPs)
             Began as a Felid Abyssal Knight on Aug 27, 2021.
             Was a Believer of Lugonu.
             Slain by an ogre (26 damage)
             ... on level 4 of the Dungeon.
             The game lasted 00:04:06 (4130 turns).

aSlayers the Ducker (Felid Abyssal Knight)          Turns: 4130, Time: 00:04:06

Health: -5/21      AC:  1    Str:  9    XL:     4   Next: 46%
Magic:  6/6        EV: 18    Int: 13    God:    Lugonu [**....]
Gold:   184        SH:  0    Dex: 15    Spells: 3/3 levels left
                                        Lives:  0   Deaths: 1

rFire   . . .      SeeInvis +     - Unarmed
rCold   . . .      Faith    .   (shield unavailable)
rNeg    . . .      Spirit   .   (armour unavailable)
rPois   .          Reflect  .   (helmet unavailable)
rElec   .          Harm     .   (cloak unavailable)
rCorr   .          Rampage  .   (gloves unavailable)
Will    .....                   (boots unavailable)
Stlth   ++........              (no amulet)
HPRegen 0.07/turn               (no ring)
MPRegen 0.10/turn               (no ring)

@: quick
A: very small, claws 1, fangs 3, see invisible, speed 1, shaggy fur 1, stealthy
paws, no weapons or thrown items, no armour, multi-lived
a: Renounce Religion, Depart the Abyss, Bend Space


You were on level 4 of the Dungeon.
You worshipped Lugonu.
Lugonu was pleased with you.
You visited 1 branch of the dungeon, and saw 4 of its levels.
You visited the Abyss 1 time.

You collected 184 gold pieces.

Inventory:

Hand Weapons
 k - a +4 vorpal hand axe
Scrolls
 a - a scroll of blinking {unknown}
 c - a scroll of summoning {unknown}
 d - a scroll of immolation {unknown}
 g - 5 scrolls of identify {unknown}
 i - a scroll of enchant armour {unknown}
 m - a scroll of magic mapping {unknown}
Potions
 b - 2 potions of curing {unknown}
 e - a potion of attraction {unknown}
 f - a potion of brilliance {unknown}
 h - a potion of invisibility {unknown}
 j - a potion of cancellation {unknown}
 l - 2 potions of lignification {unknown}


   Skills:
 + Level 3.6 Fighting
 + Level 4.2 Dodging
 + Level 2.8 Stealth
 + Level 3.6 Unarmed Combat
 + Level 1.8 Invocations


You had 3 spell levels left.
You didn't know any spells.
Your spell library contained the following spells:

 Spells                   Type           Power      Damage    Failure   Level
 Ignite Poison            Fire/Tmut/Pois 0%         N/A       67%         3
 Mephitic Cloud           Conj/Pois/Air  0%         N/A       67%         3
 Bolt of Magma            Conj/Fire/Erth 0%         4d4       100%        5


Dungeon Overview and Level Annotations

Branches:
Dungeon (4/15)
 Temple: D:4-7

Altars:


Innate Abilities, Weirdness & Mutations

You have sharp claws.
You have razor-sharp teeth.
You have supernaturally acute eyesight. (SInv)
You cover ground quickly. (Speed+)
You are covered in fur. (AC +1)
Your paws help you pounce on unaware monsters.
You are incapable of wielding weapons or throwing items.
You cannot wear armour.
You gain extra lives every three experience levels.


Message History

Found a scroll labelled DIGUER BUETUC and 8 stones.
There is an open door here.
The adder closely misses you. The adder bites you but does no damage.
You claw the adder!
The adder is almost dead.
The quokka barely misses you. The adder completely misses you.
The quokka misses you.
You scratch the adder.
You kill the adder!
Lugonu accepts your kill. The quokka bites you.
You barely miss the quokka. The quokka closely misses you.
You closely miss the quokka. The quokka misses you.
You scratch the quokka but do no damage.
You bite the quokka.
The quokka is moderately wounded.
The quokka closely misses you.
You scratch the quokka.
You kill the quokka!
Lugonu accepts your kill.
No target in view!
No target in view!
No target in view!
No target in view!
No target in view!
HP restored.
Things that are here:
a +0 ring mail; a quokka corpse
m - a scroll labelled DIGUER BUETUC You open the door.
A worm and an ogre come into view.
The ogre shouts!
Found a long sword.
Found a stone staircase leading up.
There are monsters nearby!
There are monsters nearby!
There are monsters nearby!
There is an open door here.
The ogre hits you with a +0 giant club!!
Ouch! That really hurt!
You die...

###### #....#
#....#
######....#
#######....'@O.w#
#........###....#
#........# #.)..#
#...(....# #....#
#####........#
######
....'........#
#####[.......+
#........# ##
#........#


You could see an ogre and a worm (wandering).

Vanquished Creatures
  Terence (D:3)
  5 adders
  2 worms (D:2)
  A dart slug (D:2)
  2 orcs (D:3)
  7 bats
  5 endoplasms
  3 giant cockroaches
  6 hobgoblins
  3 quokkas
  5 ball pythons
  3 frilled lizards
  3 goblins
  9 kobolds
  9 rats
64 creatures vanquished.

Notes
Turn   | Place    | Note
-------+----------+-------------------------------------------
     0 | Abyss:1  | aSlayers the Felid Abyssal Knight began the quest for the
                  | Orb.
     0 | Abyss:1  | Reached XP level 1. HP: 10/10 MP: 3/3
     6 | D:1      | Escaped the Abyss
   146 | D:1      | Reached * piety under Lugonu
   478 | D:1      | Found a faded altar of an unknown god.
   500 | D:1      | Reached XP level 2. HP: 14/14 MP: 4/4
  1373 | D:1      | Reached XP level 3. HP: 17/17 MP: 5/5
  1808 | D:2      | Reached skill level 1 in Stealth
  2077 | D:2      | Reached XP level 4. HP: 8/21 MP: 6/6
  2078 | D:2      | Slain by a worm
  2079 | D:2      | Reached XP level 3. HP: -3/17 MP: 5/5
  2735 | D:3      | Reached skill level 4 in Dodging
  2888 | D:3      | Reached ** piety under Lugonu
  3292 | D:3      | Noticed Terence
  3307 | D:3      | Killed Terence
  3308 | D:3      | Reached XP level 4. HP: 9/21 MP: 6/6
  4128 | D:4      | Noticed an ogre
  4130 | D:4      | Slain by an ogre

Illustrated notes

Levels and vault maps discovered:
D:1:      evilmike_arrival_fibonacci_small, layout_loops_corners,
          basic_ecumenical_altar, grunt_decor_fettered, minmay_unequal
D:2:      layout_basic, minmay_tetromino_o4
D:3:      layout_loops_ring, uniq_terence
D:4:      layout_basic, uniq_crazy_yiuf_cottage

Skill      XL: |  1  2  3 |
---------------+----------+-----
Stealth        | 2 |  2.8
Unarmed Combat | 3 |  3.6
Dodging        | 4 |  4.2
Fighting       | |  3.6
Invocations    | |  1.8

Action                   |  1- 3 |  4- 6 || total
-------------------------+-------+-------++-------
Melee: Unarmed           |   177 |    33 ||   210
       Bite              |    14 |     5 ||    19
       Punch             |     1 |     1 ||     2
Invok: Depart the Abyss  |     1 |       ||     1
 Stab: Sleeping          |     6 |       ||     6
Armor: Skin              |    16 |     2 ||    18
Dodge: Dodged            |   145 |    37 ||   182

Table legend: (Time is in decaauts)
 A = Elapsed time spent in this place.
 B = Non-inter-level travel time spent in this place.
 C = Inter-level travel time spent in this place.
 D = Time resting spent in this place.
 E = Time spent auto-exploring this place.
 F = Levels seen in this place.
 G = Mean time per level.
                   A        B        C        D        E       F      G
               +--------+--------+--------+--------+--------+-----+--------+
         Total |   3710 |   3710 |      0 |      0 |   3197 |   5 |  742.0 |
       Dungeon |   3706 |   3706 |      0 |      0 |   3193 |   4 |  926.5 |
         Abyss |      4 |      4 |      0 |      0 |      4 |   1 |    4.0 |
               +--------+--------+--------+--------+--------+-----+--------+

Top non-repeatable levels by time:
     D:1: 1405 daAuts
     D:3: 1211 daAuts
     D:2: 1015 daAuts
     D:4: 74 daAuts
 Abyss:1: 4 daAuts
